 Dungeon Crawl Stone Soup version 0.28-a0-683-ga8797d1ae1 (webtiles) character file.

Game seed: 733157872691074855

9083 Klosterheim the Brawler (level 11, -5/135 HPs)
             Began as a Troll Hedge Wizard on Oct 18, 2021.
             Was a Priest of Hepliaklqana.
             Slain by a ten-headed hydra (13 damage)
             ... on level 10 of the Dungeon.
             The game lasted 00:18:48 (7803 turns).

Klosterheim the Brawler (Troll Hedge Wizard)        Turns: 7803, Time: 00:18:49

Health: -5/135     AC:  5    Str: 20    XL:     11   Next: 18%
Magic:  13/13      EV: 10    Int: 13    God:    Hepliaklqana [***...]
Gold:   535        SH:  5    Dex:  9    Spells: 11/14 levels left

rFire   + . .      SeeInvis .     - Unarmed
rCold   + + +      Faith    .   (no shield)
rNeg    + . .      Spirit   .   m - +1 robe {rN+}
rPois   .          Reflect  +   c - +0 hat
rElec   +          Harm     .   o - scarf {rC+ rF+}
rCorr   +          Rampage  .   (gloves unavailable)
Will    +....                   (boots unavailable)
Stlth   ..........              z - amulet of reflection
HPRegen 1.32/turn               q - +4 ring of slaying
MPRegen 0.13/turn               G - ring of Boent {rElec rC++ Will+ rCorr}

@: berserking, very quick
A: reduced essence, large, unfitting armour, claws 3, regeneration 1, shaggy fur
1, tough skin 1
a: Renounce Religion, Recall Ancestor, Ancestor Identity, Transference


You were on level 10 of the Dungeon.
You worshipped Hepliaklqana.
Hepliaklqana was most pleased with you.
You visited 2 branches of the dungeon, and saw 11 of its levels.

You collected 535 gold pieces.

Inventory:

Hand Weapons
 E - a +3 scimitar of flaming
Missiles
 F - 2 throwing nets
Armour
 c - a +0 hat (worn)
 m - a +1 robe of positive energy (worn)
 o - a scarf of resistance (worn)
 C - +0 steam dragon scales
Jewellery
 l - a ring of fire
 q - a +4 ring of slaying (left claw)
 t - a +4 ring of protection
 z - an amulet of reflection (around neck)
 G - the ring of Boent (right claw) {rElec rC++ Will+ rCorr}
   (You found it on level 9 of the Dungeon)

   [ring of willpower]

   rC:        It greatly protects you from cold.
   rElec:     It insulates you from electricity.
   rCorr:     It protects you from acid and corrosion.
   Will:      It increases your willpower.
Wands
 s - a wand of charming (19)
 B - a wand of iceblast (20)
 D - a wand of polymorph (6)
 H - a wand of acid (9)
Scrolls
 d - a scroll of teleportation
 e - 3 scrolls of amnesia
 g - a scroll of identify
 r - a scroll of summoning
 y - 2 scrolls of silence
Potions
 a - 3 potions of flight
 b - 5 potions of curing
 f - 2 potions of ambrosia
 h - 2 potions of brilliance
 i - 2 potions of mutation
 j - 2 potions of cancellation
 k - 3 potions of heal wounds
 n - a potion of attraction
 p - a potion of berserk rage
 u - a potion of invisibility {unknown}
 x - 2 potions of haste
 A - 2 potions of lignification


   Skills:
 - Level 4.0 Fighting
 - Level 4.0 Dodging
 - Level 1.0 Stealth
 - Level 15.0 Unarmed Combat
 - Level 2.0 Spellcasting
 - Level 1.0 Conjurations
 + Level 0.8 Hexes
 - Level 1.0 Summonings
 - Level 1.0 Translocations
 + Level 4.2 Invocations


You had 11 spell levels left.
You knew the following spells:

 Your Spells              Type           Power      Damage    Failure   Level
a - Confusing Touch       Hex            3%         N/A       50%         3

Your spell library contained the following spells:

 Spells                   Type           Power      Damage    Failure   Level
 Apportation              Tloc           6%         N/A       17%         1
 Magic Dart               Conj           12%        1d3       17%         1
 Pain                     Necr           4%         1d4       26%         1
 Blink                    Tloc           N/A        N/A       26%         2
 Call Imp                 Summ           3%         N/A       26%         2
 Slow                     Hex            3%         N/A       28%         2
 Conjure Flame            Conj/Fire      2%         6-21      52%         3
 Mephitic Cloud           Conj/Pois/Air  2%         N/A       56%         3
 Summon Forest            Summ/Tloc      1%         N/A       99%         5
 Yara's Violent Unravell  Hex/Tmut       1%         3d3       99%         5
 Agony                    Necr           1%         N/A       100%        5
 Alistair's Intoxication  Tmut/Pois      0%         N/A       100%        5
 Excruciating Wounds      Necr           0%         N/A       100%        5
 Eringya's Noxious Bog    Tmut/Pois      0%         N/A       100%        6
 Invisibility             Hex            1%         N/A       100%        6
 Summon Hydra             Summ           1%         N/A       100%        7


Dungeon Overview and Level Annotations

Branches:
Dungeon (10/15)            Temple (1/1) D:5            Lair (0/6) D:10
    Orc: D:9-12

Altars:
Ashenzari
Cheibriados
Dithmenos
Elyvilon
Fedhas
Gozag
Hepliaklqana
Kikubaaqudgha
Makhleb
Nemelex Xobeh
Okawaru
Qazlal
Ru
Sif Muna
Trog
Uskayaw
Vehumet
Wu Jian
Xom
Yredelemnul
Zin
The Shining One

Shops:
D:3 (

Annotations:
D:6 Sigmund


Innate Abilities, Weirdness & Mutations

Your life essence is reduced to manifest your ancestor. (-10% HP)
You are too large for most types of armour.
You have claws for hands.
Your natural rate of healing is unusually fast.
You are covered in fur. (AC +1)
You have tough skin. (AC +1)


Message History

The seven-headed hydra bites you. x3
You block the seven-headed hydra's attack.
You tear one of the seven-headed hydra's heads off!
The six-headed hydra grows two more!
You mangle the eight-headed hydra!!
The eight-headed hydra is moderately wounded.
The eight-headed hydra barely misses you.
You block the eight-headed hydra's attack.
The eight-headed hydra bites you.
The eight-headed hydra bites you but does no damage.
The eight-headed hydra bites you.
The eight-headed hydra bites you but does no damage.
The eight-headed hydra barely misses you.
The eight-headed hydra bites you!
A red film seems to cover your vision as you go berserk!
You feel yourself moving faster!
You feel mighty!
You block the eight-headed hydra's attack.
The eight-headed hydra bites you!
The eight-headed hydra bites you but does no damage.
The eight-headed hydra bites you. x3; The eight-headed hydra bites you!
* * * LOW HITPOINT WARNING * * *
The eight-headed hydra bites you!
* * * LOW HITPOINT WARNING * * *
Nindada hits the eight-headed hydra with a +0 dagger of draining!
Nindada drains the eight-headed hydra.
Unknown command.
You rip one of the eight-headed hydra's heads off!
The seven-headed hydra grows two more!
You mangle the nine-headed hydra!!
The nine-headed hydra is heavily wounded.
Unknown command.
You tear one of the nine-headed hydra's heads off!
The eight-headed hydra grows two more!
You mangle the ten-headed hydra!! You claw the ten-headed hydra.
The ten-headed hydra is almost dead.
The ten-headed hydra bites you!
* * * LOW HITPOINT WARNING * * *
The ten-headed hydra bites you but does no damage.
The ten-headed hydra barely misses you.
The ten-headed hydra bites you but does no damage.
The ten-headed hydra bites you!
You die...

#.# #....()..R..#
#.#######..####.#####
..........####.#
######....##.#
#.........†÷.#
#.####..#>##.########
#.....≈.≈......##
##.#DR.≈≈...≈...######
##..#.@≈P≈...≈≈........
#......≈≈....≈≈≈#.#####
#..###≈≈..P.≈≈≈≈#.# ###..
#.≈...≈≈≈≈.#.#
.....###.≈≈...≈≈.P#.#
.###.....≈≈≈≈≈≈≈≈..#.#####
(........≈≈≈≈≈≈≈≈≈...†....
###..#...≈≈≈≈≈≈≈≈..######
#..#.#.P.≈≈≈≈≈...#


You could see the friendly Nindada the hexer and a ten-headed hydra (drained,
ally target).

Vanquished Creatures
  Harold (D:9)
  Erica (D:8)
  Pikel (D:9)
  A cane toad (D:10)
  Maggie (D:9)
  4 komodo dragons
  A hornet (D:10)
  A blink frog (D:10)
  A wyvern (D:8)
  6 yaks (D:9)
  2 steam dragons (D:8)
  3 water moccasins (D:10)
  2 sky beasts
  2 orc warriors
  A black bear (D:10)
  A necrophage (D:4)
  2 ice beasts
  2 ogres
  A centaur (D:9)
  2 lemures (D:9)
  5 bullfrogs
  6 scorpions
  5 wights (D:10)
  6 killer bees (D:8)
  2 howler monkeys
  2 lava snakes (D:8)
  2 centaur zombies
  A bullfrog zombie (D:6)
  A gnoll shaman (D:8)
  2 jellies (D:5)
  3 orc priests
  A hound (D:5)
  A bullfrog skeleton (D:7)
  Terence (D:2)
  Natasha (thrice) (D:2)
  3 iguanas
  7 orc wizards
  3 killer bee zombies
  A hound zombie (D:5)
  A howler monkey zombie (D:8)
  Robin (D:4)
  2 howler monkey skeletons
  4 gnolls (D:8)
  10 adders
  A worm (D:4)
  A dart slug (D:1)
  26 orcs
  7 ball pythons
  8 endoplasms
  2 giant cockroaches
  11 goblins
  12 hobgoblins
  4 jackals (D:4)
  10 kobolds
  3 quokkas (D:1)
  10 bats
  7 frilled lizards
  4 rats
215 creatures vanquished.

Vanquished Creatures (collateral kills)
  An unseen horror (D:10)
  A wraith (D:9)
  A water moccasin (D:10)
  A centaur skeleton (D:6)
  An orc wizard (D:9)
  2 orcs
7 creatures vanquished.

Vanquished Creatures (others)
  A hexer (D:10)
  54 fungi
  50 plants (D:10)
105 creatures vanquished.

Grand Total: 327 creatures vanquished

Notes
Turn   | Place    | Note
-------+----------+-------------------------------------------
     0 | D:1      | Klosterheim the Troll Hedge Wizard began the quest for the
                  | Orb.
     0 | D:1      | Reached XP level 1. HP: 16/16 MP: 2/2
    57 | D:1      | Reached XP level 2. HP: 24/24 MP: 4/4
    59 | D:1      | Reached skill level 1 in Conjurations
    74 | D:1      | Reached skill level 1 in Summonings
    74 | D:1      | Reached skill level 1 in Translocations
   117 | D:1      | Found a faded altar of an unknown god.
   228 | D:1      | Reached skill level 1 in Unarmed Combat
   580 | D:1      | Reached XP level 3. HP: 30/31 MP: 5/5
   966 | D:2      | You fall into a shaft and drop 1 floor!
   998 | D:2      | Reached skill level 2 in Unarmed Combat
  1297 | D:2      | Noticed Natasha
  1303 | D:2      | Killed Natasha
  1304 | D:2      | Reached skill level 3 in Unarmed Combat
  1304 | D:2      | Reached XP level 4. HP: 38/39 MP: 6/6
  1330 | D:2      | Noticed Natasha
  1336 | D:2      | Killed Natasha
  1356 | D:2      | Noticed Terence
  1363 | D:2      | Killed Terence
  1364 | D:2      | Reached skill level 4 in Unarmed Combat
  1409 | D:2      | Reached XP level 5. HP: 45/45 MP: 7/7
  1536 | D:2      | Noticed Natasha
  1543 | D:2      | Killed Natasha
  1982 | D:3      | Found Nullemeq's Weapon Emporium.
  2170 | D:4      | Noticed Robin
  2190 | D:4      | Killed Robin
  2280 | D:4      | Reached skill level 1 in Fighting
  2292 | D:4      | Reached skill level 5 in Unarmed Combat
  2378 | D:4      | Noticed a necrophage
  2383 | D:4      | Killed a necrophage
  2384 | D:4      | Reached XP level 6. HP: 53/57 MP: 8/8
  2476 | D:4      | Found an iron altar of Okawaru.
  2534 | D:3      | Reached skill level 6 in Unarmed Combat
  2534 | D:3      | Reached XP level 7. HP: 65/66 MP: 9/9
  2727 | D:4      | You fall into a shaft and drop 2 floors!
  2737 | D:6      | Reached skill level 7 in Unarmed Combat
  2749 | D:5      | Entered Level 5 of the Dungeon
  2873 | D:5      | Found a staircase to the Ecumenical Temple.
  2900 | Temple   | Entered the Ecumenical Temple
  2997 | Temple   | Became a worshipper of Hepliaklqana the Forgotten
  3737 | D:5      | Reached skill level 8 in Unarmed Combat
  3737 | D:5      | Reached XP level 8. HP: 75/75 MP: 10/10
  3907 | D:5      | Reached skill level 9 in Unarmed Combat
  4142 | D:5      | Reached * piety under Hepliaklqana
  4242 | D:6      | Found a sacrificial altar of Ru.
  4371 | D:6      | Reached skill level 10 in Unarmed Combat
  4455 | D:6      | Noticed Sigmund
  4977 | D:7      | Found a glowing golden altar of the Shining One.
  5077 | D:7      | Found a shimmering blue altar of Sif Muna.
  5126 | D:8      | Reached XP level 9. HP: 65/75 MP: 11/11
  5460 | D:8      | Reached ** piety under Hepliaklqana
  5461 | D:8      | Remembered your ancestor Nindada as a hexer
  5692 | D:8      | Noticed Erica
  5700 | D:8      | Killed Erica
  5701 | D:8      | Reached skill level 11 in Unarmed Combat
  6017 | D:9      | Noticed a komodo dragon
  6023 | D:9      | Noticed Maggie
  6025 | D:9      | Killed a komodo dragon
  6026 | D:9      | Reached skill level 12 in Unarmed Combat
  6034 | D:9      | Killed Maggie
  6035 | D:9      | Reached XP level 10. HP: 82/82 MP: 12/12
  6053 | D:9      | Noticed Harold
  6063 | D:9      | Killed Harold
  6064 | D:9      | Reached skill level 13 in Unarmed Combat
  6290 | D:9      | Noticed Pikel
  6304 | D:9      | Killed Pikel
  6320 | D:9      | Identified the ring of Boent {rElec rC++ Will+ rCorr}
  6578 | D:9      | Reached skill level 14 in Unarmed Combat
  7079 | D:10     | Entered Level 10 of the Dungeon
  7258 | D:10     | Reached *** piety under Hepliaklqana
  7269 | D:10     | Noticed a cane toad
  7284 | D:10     | Killed a cane toad
  7285 | D:10     | Reached skill level 15 in Unarmed Combat
  7302 | D:10     | Reached skill level 1 in Invocations
  7396 | D:10     | Found a staircase to the Lair.
  7439 | D:10     | Reached XP level 11. HP: 79/90 MP: 13/13
  7567 | D:10     | Learned a level 3 spell: Confusing Touch
  7796 | D:10     | Noticed a seven-headed hydra
  7803 | D:10     | Slain by a ten-headed hydra

Illustrated notes

Levels and vault maps discovered:
D:1:      lightli_arrival_statue_moat, layout_basic,
          hellmonk_ecumenical_altar_crossroads
D:2:      layout_loops_ring, uniq_terence, uniq_natasha
D:3:      layout_loops_cross, serial_shops, shop
D:4:      layout_loops_ring, okawaru_trees_1, nicolae_ossuary_entry_monument,
          uniq_robin
D:5:      old_forge, layout_basic, minivault_1, minmay_misc_feat_doors,
          minivault_11
D:6:      layout_cave_pods, kennysheep_mini, kennysheep_cluttered_room,
          uniq_grinder, uniq_menkaure, uniq_sigmund, uniq_prince_ribbit1
D:7:      layout_basic, mainiacjoe_overflow_alcove_2, overflow_temple_1_default,
          minivault_25
D:8:      layout_basic, kennysheep_small_spiral, chequers_serial_rivers_large_a,
          uniq_erica
D:9:      layout_layer_cave, minmay_holes, minmay_tree_intersection,
          uniq_harold, uniq_pikel, uniq_maggie
D:10:     layout_loops_ring, due_lair_maze_entry_diamond, hiddenorc1_lemuel,
          pond
Temple:   compressed_dpeg_circular_temple

Skill      XL: |  1  2  3  4  5  6  7  8  9 10 11 |
---------------+----------------------------------+-----
Conjurations   | 1 |  1.0
Summonings     | 1 |  1.0
Translocations | 1 |  1.0
Dodging        | 2 3 4 |  4.0
Unarmed Combat | 1 3 4 5 6 8 10 12 15 | 15.0
Fighting       | 1 2 3 4 |  4.0
Invocations    | 2 4 |  4.2
Stealth        | |  1.0
Spellcasting   | |  2.0
Hexes          | |  0.8

Action                   |  1- 3 |  4- 6 |  7- 9 | 10-12 || total
-------------------------+-------+-------+-------+-------++-------
Melee: Unarmed           |   149 |   146 |   241 |   126 ||   662
       Punch             |       |     3 |     7 |     4 ||    14
 Cast: Magic Dart        |     6 |       |       |       ||     6
Invok: Ancestor Life: He |       |       |     1 |       ||     1
Evoke: Wand              |       |       |     1 |       ||     1
  Use: Potion            |       |     2 |     1 |     1 ||     4
       Scroll            |       |       |     6 |    11 ||    17
 Stab: Sleeping          |     2 |     1 |     3 |       ||     6
       Held in net/web   |       |       |     1 |       ||     1
       Confused          |       |       |     2 |       ||     2
Armor: Robe              |    44 |    41 |    98 |    23 ||   206
       Skin              |       |       |     1 |       ||     1
Dodge: Dodged            |    66 |    92 |   108 |    46 ||   312
Block: Other             |       |       |    16 |    23 ||    39
       Reflection        |       |       |     1 |       ||     1

Table legend: (Time is in decaauts)
 A = Elapsed time spent in this place.
 B = Non-inter-level travel time spent in this place.
 C = Inter-level travel time spent in this place.
 D = Time resting spent in this place.
 E = Time spent auto-exploring this place.
 F = Levels seen in this place.
 G = Mean time per level.
                   A        B        C        D        E       F      G
               +--------+--------+--------+--------+--------+-----+--------+
         Total |   7749 |   7339 |    410 |    506 |   5246 |  11 |  704.5 |
       Dungeon |   7627 |   7252 |    375 |    506 |   5246 |  10 |  762.7 |
        Temple |    121 |     86 |     35 |      0 |      0 |   1 |  121.0 |
               +--------+--------+--------+--------+--------+-----+--------+

Top non-repeatable levels by time:
     D:4: 1087 daAuts
     D:9: 1083 daAuts
     D:1: 907 daAuts
     D:8: 880 daAuts
     D:5: 794 daAuts
     D:2: 720 daAuts
    D:10: 707 daAuts
     D:7: 617 daAuts
     D:3: 560 daAuts
     D:6: 268 daAuts
  Temple: 121 daAuts
